 Dungeon Crawl Stone Soup version 0.31-a0-1074-g0b22e4e0f1 (webtiles) character file.

Game seed: 2253636332261896839

569 wildpjah the Cudgeller (level 7, -15/37 HPs)
             Began as a Vine Stalker Fighter on Nov 26, 2023.
             Was a Follower of Okawaru.
             Demolished by Duvessa
             ... wielding a +0 short sword
              (17 damage)
             ... on level 4 of the Dungeon.
             The game lasted 00:04:15 (2825 turns).

wildpjah the Cudgeller (Vine Stalker Fighter)       Turns: 2825, Time: 00:04:15

Health: -15/37     AC: 12    Str: 20    XL:     7   Next: 33%
Magic:  0/8        EV:  5    Int:  8    God:    Okawaru [*.....]
Gold:   162        SH:  5    Dex: 14    Spells: 6/6 levels left

rFire   . . .        t - +0 whip
rCold   . . .        c - +0 buckler
rNeg    . . .        f - +0 plate armour
rPois   .            (no helmet)
rElec   .            (no cloak)
rCorr   .            g - +0 pair of gloves
SInv    .            (no boots)
Will    .....        (no amulet) Stlth
                     (no ring)
HPRegen 1.06/turn    (no ring)
MPRegen 0.11/turn

%: guardian spirit
@: invisible
A: fangs 2, regeneration 1, magic shield, antimagic bite, no potion heal 2
a: Renounce Religion, Heroism


You were on level 4 of the Dungeon.
You worshipped Okawaru.
Okawaru was aware of your devotion.
You visited 2 branches of the dungeon, and saw 5 of its levels.

You collected 162 gold pieces.

Inventory:

Hand Weapons
 a - a +0 flail
 t - a +0 whip (weapon)
Armour
 b - a +0 scale mail
 c - a +0 buckler (worn)
 f - a +0 plate armour (worn)
 g - a +0 pair of gloves (worn)
Jewellery
 j - a ring of fire
 r - a ring of ice
Wands
 o - a wand of paralysis (4) (quivered)
Scrolls
 m - 4 scrolls of identify {unknown}
 n - a scroll of fog {unknown}
 p - a scroll of acquirement {unknown}
 q - a scroll of poison {unknown}
 s - a scroll of revelation {unknown}
Potions
 d - a potion of might
 h - a potion of curing {unknown}
 i - a potion of mutation {unknown}
 k - a potion of heal wounds {unknown}
 l - a potion of enlightenment {unknown}


   Skills:
 + Level 4.0 Fighting
 + Level 4.7 Maces & Flails
 + Level 3.6 Armour
 + Level 2.9 Stealth
 + Level 3.4 Shields


You had 6 spell levels left.
You didn't know any spells.
Your spell library contained the following spells:

 Spells                   Type           Power      Damage    Failure   Level
 Cigotuvi's Dreadful Rot  Necr/Pois/Air  0%         N/A       100%        2
 Ignite Poison            Fire/Tmut/Pois 0%         N/A       100%        3
 Freezing Cloud           Conj/Ice/Air   0%         6-21      100%        5


Dungeon Overview and Level Annotations

Branches:
Dungeon (4/15)             Temple (1/1) D:4

Altars:
Dithmenos
Elyvilon
Gozag
Hepliaklqana
Kikubaaqudgha
Makhleb
Nemelex Xobeh
Okawaru
Trog
Uskayaw
Yredelemnul
Zin
The Shining One

Shops:
D:4 [

Annotations:
D:4 Duvessa


Innate Abilities, Weirdness & Mutations

You have extremely sharp teeth.
Your natural rate of healing is unusually fast.
When hurt, damage is shared between your health and your magic reserves.
Your bite disrupts and absorbs the magic of your enemies.
Potions cannot restore your health.


Message History

You feel invigorated.
Duvessa is lightly wounded.
Duvessa hits you but does no damage. Duvessa hits you with a +0 short sword.
You hit Duvessa but do no damage. You bite Duvessa! You drain her power.
You feel invigorated.
Duvessa is moderately wounded.
Duvessa hits you but does no damage.
You barely miss Duvessa.
Duvessa is moderately wounded.
Duvessa barely misses you.
You completely miss Duvessa.
Duvessa is moderately wounded.
Duvessa hits you with a +0 short sword. You block Duvessa's attack.
You closely miss Duvessa. You bite Duvessa, but do no damage.
Duvessa is moderately wounded.
You block Duvessa's attack.
You closely miss Duvessa. You bite Duvessa. You drain her power.
Duvessa is moderately wounded.
Duvessa hits you but does no damage.
You hit Duvessa but do no damage. You bite Duvessa. You drain her power.
Duvessa is moderately wounded.
Duvessa hits you with a +0 short sword!
You hit Duvessa but do no damage. You bite Duvessa, but do no damage.
Duvessa is moderately wounded.
Duvessa hits you with a +0 short sword.
* * * LOW HITPOINT WARNING * * *
Duvessa hits you with a +0 short sword.
* * * LOW HITPOINT WARNING * * *
You hit Duvessa. Your bite misses Duvessa.
Duvessa is heavily wounded.
Duvessa hits you with a +0 short sword.
* * * LOW HITPOINT WARNING * * *
You barely miss Duvessa.
Duvessa is heavily wounded.
Duvessa hits you with a +0 short sword.
* * * LOW HITPOINT WARNING * * *
Duvessa hits you but does no damage.
You fade into invisibility!
Duvessa hits you with a +0 short sword!
You die...

###.## # # ##..... .#
########## .....##.
.........## #.#....
#.######.##.##.....
#.# #.# .......## #.#
####.#####..)e.#
#.###...........@.##.#
#.##...#.#####......>#
..#......# ###.#####
#........## #.#
#.........# ##'##
##.......## ##...##
##.....## ##.....##
#....## ##.......#
###.#...####.........#


You could see Duvessa (berserk, unable to see you).

Vanquished Creatures
  2 black bears
  A phantom (D:4)
  Blork the orc (D:4)
  Dowan (D:4)
  An orc priest (D:4)
  An iguana (D:3)
  Natasha (D:2)
  3 adders
  A worm (D:2)
  4 dart slugs
  8 orcs
  8 bats
  7 endoplasms
  2 giant cockroaches
  6 goblins
  4 hobgoblins
  5 jackals (D:4)
  3 quokkas
  6 ball pythons
  6 frilled lizards
  8 kobolds
  4 rats
83 creatures vanquished.

Notes
Turn   | Place    | Note
-------+----------+-------------------------------------------
     0 | D:1      | wildpjah the Vine Stalker Fighter began the quest for the
                  | Orb.
     0 | D:1      | Reached XP level 1. HP: 11/11 MP: 2/2
   119 | D:1      | Reached XP level 2. HP: 15/16 MP: 3/3
   624 | D:2      | Reached XP level 3. HP: 16/20 MP: 2/4
  1199 | D:2      | Noticed Natasha
  1210 | D:2      | Killed Natasha
  1211 | D:2      | Reached XP level 4. HP: 17/24 MP: 2/5
  1596 | D:3      | Noticed a black bear
  1602 | D:3      | Killed a black bear
  1603 | D:3      | Reached XP level 5. HP: 25/28 MP: 6/6
  1803 | D:3      | Reached XP level 6. HP: 31/32 MP: 5/7
  2010 | D:3      | Found a glowing silver altar of Zin.
  2010 | D:3      | Found an opulent altar of Gozag.
  2282 | D:4      | Found a staircase to the Ecumenical Temple.
  2306 | Temple   | Entered the Ecumenical Temple
  2337 | Temple   | Became a worshipper of Warmaster Okawaru
  2389 | D:4      | Noticed Blork the orc
  2398 | D:4      | Killed Blork the orc
  2403 | D:4      | Noticed a black bear
  2416 | D:4      | Killed a black bear
  2469 | D:4      | Reached skill level 1 in Stealth
  2469 | D:4      | Reached XP level 7. HP: 24/37 MP: 6/8
  2578 | D:4      | Found Udyal's Antique Armour Shop.
  2764 | D:4      | Reached * piety under Okawaru
  2789 | D:4      | Noticed Dowan
  2790 | D:4      | Noticed Duvessa
  2804 | D:4      | Killed Dowan
  2824 | D:4      | HP: 1/37 [Duvessa/+0 short sword (3)]
  2825 | D:4      | Demolished by Duvessa

Illustrated notes

Levels and vault maps discovered:
D:1:      lemuel_arrival_room, layout_basic, serial_rivers,
          chequers_serial_rivers_large_b, chequers_serial_rivers_small_3,
          chequers_serial_rivers_room_a, chequers_serial_rivers_small_b,
          chequers_serial_rivers_micro_b
D:2:      layout_basic, uniq_natasha
D:3:      layout_loops_ring, grunt_temple_overflow_gold_and_silver
D:4:      layout_loops_corners, minmay_temple_entry_glass, serial_shops, shop,
          kennysheep_crisscross, uniq_eustachio, uniq_robin, uniq_duvessa,
          uniq_blork_the_orc
Temple:   nicolae_temple_bog_church

Skill      XL: |  1  2  3  4  5  6  7 |
---------------+----------------------+-----
Fighting       | 3 4 |  4.0
Maces & Flails | 2 3 4 |  4.7
Shields        | 3 |  3.4
Armour         | 3 |  3.6
Stealth        | 1 2 |  2.9

Action                     |  1- 3 |  4- 6 |  7- 9 || total
---------------------------+-------+-------+-------++-------
  Melee: Flail             |    64 |   120 |     5 ||   189
         Bite              |    13 |    36 |    18 ||    67
         Whip              |       |       |    52 ||    52
  Evoke: Wand              |       |     1 |       ||     1
    Use: Potion            |       |     1 |     1 ||     2
   Stab: Paralysed         |       |     3 |       ||     3
 Armour: Plate armour      |    60 |   101 |    50 ||   211
  Dodge: Dodged            |    14 |    29 |    11 ||    54
  Block: Buckler           |    15 |    34 |    12 ||    61

Table legend: (Time is in decaauts)
 A = Elapsed time spent in this place.
 B = Non-inter-level travel time spent in this place.
 C = Inter-level travel time spent in this place.
 D = Time resting spent in this place.
 E = Time spent auto-exploring this place.
 F = Levels seen in this place.
 G = Mean time per level.
                   A        B        C        D        E       F      G
               +--------+--------+--------+--------+--------+-----+--------+
         Total |   2910 |   2782 |    128 |      0 |   2218 |   5 |  582.0 |
       Dungeon |   2861 |   2767 |     94 |      0 |   2205 |   4 |  715.2 |
        Temple |     49 |     15 |     34 |      0 |     13 |   1 |   49.0 |
               +--------+--------+--------+--------+--------+-----+--------+

Top non-repeatable levels by time:
     D:2: 981 daAuts
     D:3: 720 daAuts
     D:1: 612 daAuts
     D:4: 546 daAuts
  Temple: 49 daAuts
